 Dungeon Crawl Stone Soup version 0.14.2 (webtiles) character file.

1241 Kairos the Shield-Bearer (level 8, -9/42 HPs)
             Began as a Vine Stalker Fighter on Feb 18, 2019.
             Mangled by an orc warrior
             ... wielding a +0,+0 trident
              (17 damage)
             ... on Level 6 of the Dungeon.
             The game lasted 00:06:32 (3520 turns).

Kairos the Shield-Bearer (Vine Stalker Fighter)     Turns: 3520, Time: 00:06:32

HP  -9/42        AC  9     Str 20      XL: 8   Next: 20%
MP   0/11        EV  5     Int  8      God:
Gold 239         SH 21     Dex 15      Spells:  0 memorised,  7 levels left

rFire  . . .     SeeInvis .     a - +0,+3 war axe
rCold  . . .     Clarity  .     f - +0 chain mail
rNeg   . . .     Conserve .     c - +0 shield
rPois  .         rCorr    .     d - +0 hat
rElec  .         rRot     +     (no cloak)
SustAb . .       Spirit   +     (no gloves)
rMut   .         Warding  .     (no boots)
Saprov . . .     Stasis   .     (no amulet)
MR     +....                    (no ring)
                                (no ring)

@: somewhat resistant to hostile enchantments, extremely unstealthy
A: fangs 3, regeneration 2, magic shield, antimagic bite, no device heal
a: no special abilities


You were on level 6 of the Dungeon.
You were not hungry.

You visited 1 branch of the dungeon, and saw 6 of its levels.

You collected 239 gold pieces.

Inventory:

Hand weapons
 a - a +0,+3 war axe (weapon)
 y - a +0,+0 morningstar
Armour
 c - a +0 shield (worn)
 d - a +0 hat (worn)
 f - a +0 chain mail (worn)
Magical devices
 w - a wand of disintegration (16) {unknown}
Comestibles
 j - 2 chokos
 m - 3 meat rations
 z - 2 pears
 B - a bread ration
Scrolls
 i - a scroll of teleportation
 k - 2 scrolls of remove curse
 l - a scroll of random uselessness
 o - a scroll of recharging {unknown}
 q - 2 scrolls of magic mapping
 s - 3 scrolls of fog
 u - a scroll of amnesia
 v - a scroll of noise
 x - 2 scrolls of enchant weapon II
Potions
 b - a potion of brilliance {unknown}
 e - 2 potions of might
 g - a potion of degeneration {unknown}
 h - 3 potions of heal wounds {unknown}
 n - a potion of lignification {unknown}
 p - a potion of agility
 r - a potion of haste {unknown}
 t - 2 potions of curing {unknown}
 A - 2 potions of poison {unknown}


   Skills:
 + Level 3.7 Fighting
 + Level 4.0 Axes
 + Level 4.2 Armour
 + Level 3.0 Dodging
 + Level 1.5 Stealth
 + Level 5.3 Shields


You had 7 spell levels left.
You didn't know any spells.

Dungeon Overview and Level Annotations

Branches:
Dungeon (6/15)
 Temple: D:4-7

Altars:
Trog
The Shining One

Shops:
D:5 *


Innate Abilities, Weirdness & Mutations

You are immune to rotting.
You have razor-sharp teeth.
You heal very quickly.
When hurt, damage is shared between your health and your magic reserves.
Your bite disrupts and absorbs the magic of your enemies.
Potions and wands cannot restore your HP.


Message History

Your shield and chain mail prevent you from hitting the orc warrior.
You bite the orc warrior, but do no damage.
The orc warrior is heavily wounded.
You block the orc's attack.
The orc warrior hits you but does no damage.
You hit the orc warrior. Your bite misses the orc warrior.
The orc warrior is heavily wounded.
You block the orc's attack.
The orc warrior hits you but does no damage.
You closely miss the orc warrior. Your bite misses the orc warrior.
The orc warrior is heavily wounded.
You block the orc's attack.
The orc warrior hits you with a trident!
* * * LOW HITPOINT WARNING * * *
The orc barely misses you.
Your shield and chain mail prevent you from hitting the orc warrior.
You bite the orc warrior, but do no damage.
The orc warrior is heavily wounded.
The orc warrior hits you with a trident!
You die...

#.# #.# #.#
#.# #.#
###.##
#.....
###########
#.#...
#oo@......#
#.####
#o#######.#
#.# #'# #.#
#.# o.. #.#
#.# .....
#.# #.#
.......
#.#####.#
........#
#.......#
..(......#
#########
........+


You could see an orc warrior and 2 orcs.

Vanquished Creatures
  Grinder (D:5)
  A sky beast (D:5)
  An ogre (D:4)
  2 scorpions
  A crimson imp (D:5)
  2 hounds
  2 orc priests (D:4)
  4 worker ants
  2 orc wizards (D:3)
  An iguana (D:4)
  Ijyb (D:5)
  3 adders
  2 giant mites
  3 worms
  An iguana skeleton (D:5)
  A giant gecko (D:3)
  An ooze (D:2)
  10 orcs
  2 ball pythons (D:1)
  6 bats
  9 goblins
  10 hobgoblins
  A quokka (D:2)
  5 giant cockroaches
  6 giant newts
  11 jackals
  10 kobolds
  5 rats
104 creatures vanquished.

Notes
Turn   | Place    | Note
--------------------------------------------------------------
     0 | D:1      | Kairos, the Vine Stalker Fighter, began the quest for the Orb.
     0 | D:1      | Reached XP level 1. HP: 11/11 MP: 1/1
   198 | D:1      | Reached XP level 2. HP: 16/16 MP: 3/3
   521 | D:1      | Reached skill level 3 in Shields
   749 | D:2      | Found a bloodstained altar of Trog.
   793 | D:2      | Reached XP level 3. HP: 19/19 MP: 4/4
  1319 | D:3      | Reached XP level 4. HP: 19/24 MP: 5/5
  1326 | D:3      | Reached skill level 1 in Dodging
  1326 | D:3      | Reached XP level 5. HP: 19/28 MP: 7/7
  1804 | D:4      | Noticed an ogre
  1815 | D:4      | Killed an ogre
  1815 | D:4      | Reached skill level 4 in Shields
  1815 | D:4      | Gained mutation: You heal very quickly. [vine stalker growth]
  1815 | D:4      | Reached XP level 6. HP: 3/32 MP: 0/8
  2002 | D:4      | Paralysed by a giant eyeball for 3 turns
  2007 | D:4      | Paralysed by a giant eyeball for 3 turns
  2009 | D:4      | HP: 1/32 [worker ant (4)]
  2056 | D:4      | Found a glowing golden altar of the Shining One.
  2354 | D:4      | Reached skill level 1 in Stealth
  2697 | D:4      | Reached XP level 7. HP: 4/36 MP: 2/9
  2803 | D:5      | Entered Level 5 of the Dungeon
  3006 | D:5      | Noticed Ijyb
  3020 | D:5      | Killed Ijyb
  3135 | D:5      | Found Bluun's Elemental Accessories.
  3321 | D:5      | Noticed Grinder
  3337 | D:5      | Killed Grinder
  3337 | D:5      | Reached skill level 5 in Shields
  3337 | D:5      | Gained mutation: You have razor-sharp teeth. [vine stalker growth]
  3337 | D:5      | Reached XP level 8. HP: 22/42 MP: 6/11
  3520 | D:6      | Mangled by an orc warrior

Action                   |  1- 3 |  4- 6 |  7- 9 || total
-------------------------+-------+-------+-------++-------
Melee: War axe           |   101 |   127 |   105 ||   333
  Use: Scroll            |       |    10 |       ||    10
